 Dungeon Crawl Stone Soup version 0.30-a0-1116-gebefce21f7 (webtiles) character file.

Game seed: 14598379656268963857

398570 Arcadio the Acrobat (level 24, -2/150 (169) HPs)
             Began as a Kobold Gladiator on Apr 19, 2023.
             Was an Initiate of Yredelemnul.
             Killed from afar by an air elemental (6 damage)
             ... with a stunning burst
             ... summoned by Sojobo
             ... while paralysed by an air elemental
             ... on level 4 of the Depths on Apr 21, 2023.
             The game lasted 07:11:48 (69426 turns).

Arcadio the Acrobat (Kobold Gladiator)             Turns: 69426, Time: 07:11:50

HP:   -2/150 (169)  AC: 27    Str: 20    XL:     24   Next: 36%
MP:   32/34         EV:  3    Int:  8    God:    Yredelemnul [......]
Gold: 542           SH:  0    Dex: 18    Spells: 9/23 levels left

rFire   + . .      SeeInvis .    d - +0 eveningstar (heavy)
rCold   + . .      Faith    +    (no shield)
rNeg    . . .      Spirit   .    r - +6 chain mail "Xienayt" {Will+ Regen+}
rPois   .          Reflect  .    c - +2 helmet
rElec   .          Rampage  +    L - scarf {rC+ rF+}
rCorr   +                        x - +2 pair of gloves
Will    +++..                    k - +2 pair of boots {rampage} Stlth
                                 F - amulet of faith
HPRegen 1.25/turn                b - ring of willpower
MPRegen 0.24/turn                D - ring of resist corrosion

@: paralysed, mighty, studying Dodging, heavily drained, unable to drink
A: small, no large weapons, nightstalker 3, dopey 1, inability to drink after
injury 2
}: 2/15 runes: decaying, serpentine
a: Renounce Religion, Recall Undead Harvest


You were on level 4 of the Depths.
You worshipped Yredelemnul.
Yredelemnul was pleased with you.
You visited 8 branches of the dungeon, and saw 43 of its levels.
You also visited: Wizlab.

You collected 4227 gold pieces.
You spent 3685 gold pieces at shops.

Inventory:

Hand Weapons
 d - a +0 heavy eveningstar (weapon)
 Q - a +8 spectral morningstar
Missiles
 Z - 3 throwing nets (quivered)
Armour
 c - a +2 helmet (worn)
 k - a +2 pair of boots of rampaging (worn)
 r - the +6 chain mail "Xienayt" (worn) {Will+ Regen+}
   (You found it on level 3 of the Vaults)

   Regen:     It increases your rate of health regeneration.
   Will:      It increases your willpower.
 x - a +2 pair of gloves (worn)
 C - a +2 cloak
 E - a +2 scale mail of fire resistance
 L - a scarf of resistance (worn)
 O - a +4 chain mail of poison resistance
 W - a +2 chain mail of cold resistance
Jewellery
 b - a ring of willpower (left hand)
 e - a ring of fire
 f - a +4 ring of protection
 w - a +5 ring of evasion
 y - a ring of see invisible
 D - a ring of resist corrosion (right hand)
 F - an amulet of faith (around neck)
 R - an amulet of guardian spirit
 U - a ring of protection from fire
 V - a ring of ice
Wands
 j - a wand of paralysis (18)
 s - a wand of light (19)
 t - a wand of mindburst (22)
 v - a wand of digging (7)
 G - a wand of flame (55)
 K - a wand of iceblast (17)
 Y - a wand of polymorph (9)
Scrolls
 a - 6 scrolls of immolation
 l - 6 scrolls of teleportation
 p - a scroll of amnesia
 A - 2 scrolls of silence
 H - 3 scrolls of torment
 J - a scroll of butterflies
 N - 9 scrolls of poison
 P - 6 scrolls of vulnerability
 S - 2 scrolls of fear
Potions
 g - a potion of might
 h - 14 potions of lignification
 i - 8 potions of mutation
 m - 10 potions of attraction
 n - 2 potions of cancellation
 u - a potion of heal wounds
 z - 9 potions of brilliance
 B - a potion of invisibility {unknown}
 I - 6 potions of curing
 T - 2 potions of resistance
 X - 4 potions of berserk rage
Miscellaneous
 o - a lightning rod (4/4)
 q - a phial of floods
 M - a phantom mirror


   Skills:
 + Level 22.5 Fighting
 + Level 19.5 Maces & Flails
 - Level 2.1 Throwing
 + Level 8.1 Armour
 + Level 26.1 Dodging
 - Level 0.4 Hexes
 - Level 8.4 Translocations
 - Level 14.9 Invocations
 - Level 12.1 Evocations


You had 9 spell levels left.
You knew the following spells:

 Your Spells              Type           Power      Damage    Failure   Level
a - Ensorcelled Hibernat  Hex/Ice        0%         N/A       98%         2
b - Passwall              Tmut/Erth      0%         N/A       99%         2
c - Blink                 Tloc           26%        N/A       13%         2
d - Slow                  Hex            0%         N/A       92%         1
e - Lesser Beckoning      Tloc           26%        N/A       13%         2
f - Apportation           Tloc           26%        N/A       9%          1
g - Call Imp              Summ           0%         N/A       99%         2
h - Wereblood             Tmut           0%         N/A       99%         2

Your spell library contained the following spells:

 Spells                   Type           Power      Damage    Failure   Level
 Gell's Gravitas          Tloc           13%        N/A       26%         3
 Teleport Other           Tloc           13%        N/A       26%         3
 Momentum Strike          Conj/Tloc      12%        3d8       58%         2
 Manifold Assault         Tloc           13%        N/A       63%         4
 Passage of Golubria      Tloc           13%        N/A       63%         4
 Freeze                   Ice            0%         1d3       95%         1
 Necrotise                Necr           0%         1d4       95%         1
 Sandblast                Erth           0%         2d4       95%         1
 Sting                    Tmut/Pois      0%         1d3       95%         1
 Summon Small Mammal      Summ           0%         N/A       95%         1
 Cigotuvi's Dreadful Rot  Necr/Pois/Air  0%         N/A       99%         2
 Sublimation of Blood     Necr           0%         N/A       99%         2
 Confusing Touch          Hex            0%         N/A       100%        3
 Frozen Ramparts          Ice            0%         1d1       100%        3
 Hailstorm                Conj/Ice       0%         3d3       100%        3
 Ignite Poison            Fire/Tmut/Pois 0%         N/A       100%        3
 Ozocubu's Armour         Ice            0%         N/A       100%        3
 Swiftness                Air            0%         N/A       100%        3
 Vampiric Draining        Necr           0%         2d6       100%        3
 Ice Form                 Ice/Tmut       0%         N/A       100%        4
 Summon Ice Beast         Ice/Summ       0%         N/A       100%        4
 Summon Lightning Spire   Summ/Air       0%         N/A       100%        4
 Alistair's Intoxication  Tmut/Pois      0%         N/A       100%        5
 Freezing Cloud           Conj/Ice/Air   0%         6-21      100%        5
 Iskenderun's Battlesphe  Conj           0%         2d6       100%        5
 Lee's Rapid Deconstruct  Erth           0%         3d4*      100%        5
 Metabolic Englaciation   Hex/Ice        0%         N/A       100%        5
 Silence                  Hex/Air        0%         N/A       100%        5
 Summon Mana Viper        Hex/Summ       0%         N/A       100%        5
 Dispersal                Tloc           6%         N/A       100%        6
 Iron Shot                Conj/Erth      0%         9d1       100%        6
 Malign Gateway           Summ/Tloc      3%         N/A       100%        7
 Monstrous Menagerie      Summ           0%         N/A       100%        7
 Ozocubu's Refrigeration  Ice            0%         4d7       100%        7
 Spellforged Servitor     Conj/Summ      0%         N/A       100%        7
 Storm Form               Tmut/Air       0%         N/A       100%        7
 Summon Hydra             Summ           0%         N/A       100%        7
 Lehudib's Crystal Spear  Conj/Erth      0%         10d2      100%        8
 Maxwell's Capacitive Co  Air            0%         ∞         100%        8
 Summon Horrible Things   Summ           0%         N/A       100%        8
 Simulacrum               Ice/Necr       Unusable   N/A       N/A         6

Dungeon Overview and Level Annotations

Branches:
Dungeon (15/15) Zot: 22492  Temple (0/1) D:6            Lair (5/5) D:8 Zot: 20546
  Swamp (4/4) Lair:2 Zot: 18826   Snake (4/4) Lair:3 Zot: 15788   Slime (5/5) Lair:5 Zot: 26153
    Orc (2/2) D:11 Zot: 8573     Elf (0/3) Orc:2        Vaults (4/5) D:14 Zot: 11495
  Crypt (0/3) Vaults:2     Depths (4/4) D:15 Zot: 18950  WizLab (visited)
    Zot: Depths:4

Altars:
Cheibriados
Dithmenos
Elyvilon
Fedhas
Gozag
Hepliaklqana
Kikubaaqudgha
Nemelex Xobeh
Okawaru
Sif Muna
Trog
Vehumet
Xom
Yredelemnul
Zin
Jiyva

Shops:
Orc:1 (   Orc:2 [((*   Snake:1 [   Snake:2 :*=   Depths:3 (

Portals:
Hell: Depths:1 Depths:2 Depths:3
Abyss: Depths:1 Depths:3
Pandemonium: Depths:2
Ziggurat: Depths:2

Annotations:
D:5 Sigmund
D:7 exclusion: downstairs
Snake:1 2 runed translucent doors, Emari's ghost, adept TrBe
Slime:5 Royal Jelly
Depths:4 Sojobo


Innate Abilities, Weirdness & Mutations

You are small and have problems with some larger weapons.
You are completely attuned to the shadows.
You are dopey. (Int -2)
You sometimes lose the ability to drink potions when taking damage.


Message History

You shrug off the repeated paralysis!
Something hits your butterfly!! Something freezes your butterfly.
Your butterfly dies!
Your butterfly disappears in a burst of colours!
Press: ? - help, v - describe, . - travel
Here: an air elemental (summoned)
The floor.
Okay, then.
Unknown command.
Okay, then.
Okay, then.
Press: ? - help, v - describe, . - travel, g - get item
Here: Sojobo, wielding a +2 great sword of freezing and wearing a +2 scale mail of fire resistance (lightly wounded, repelling missiles, possessable)
Items here: a +6 demon trident of pain; a +1 leather armour of fire resistance; a potion of curing.
The floor, spattered with blood.
Okay, then.
Okay, then.
Press: ? - help, v - describe, . - travel
Here: an air elemental (summoned)
The floor.
Okay, then.
Unknown command.
Press: ? - help, v - describe, . - travel
Here: an air elemental (summoned)
The floor.
You cannot drink potions in your current state!
Unknown command.
Okay, then.
Okay, then.
Okay, then.
Okay, then.
Unknown command.
The air elemental fires a burst of electricity at you.
The stunning burst hits the air elemental.
The air elemental completely resists.
The stunning burst hits your butterfly!
Your butterfly dies!
Your butterfly disappears in a burst of colours!
The stunning burst hits you.
You suddenly lose the ability to move!
You die...
Your body rises from the dead as a mindless zombie.

##
##########
#.
.....)C)).#
#.#
...b..Q##)#
.8.
.b.bb[.# E#
...
.bb..E)# .#
...
...bE#[# .#
...
####.#T#
.8. #@#.#
.......#
####.....
#.#.#.
#.#.#


You could see 2 air elementals.

Vanquished Creatures
  Saint Roka (Orc:2)
  Nikola (Lair:3)
  the Enchantress (Depths:4)
  Rupert (Orc:2)
  Jorgrun (Swamp:3)
  2 walking crystal tomes
  A lich (Vaults:1)
  A walking earthen tome (Depths:3)
  7 acid blobs
  5 sphinxes
  3 tengu reavers
  3 storm dragons
  A thorn hunter (Swamp:3)
  4 nagarajas (Snake:4)
  4 rockslimes
  A fenstrider witch (Swamp:4)
  7 azure jellies
  6 fire giants
  4 frost giants
  8 vault wardens
  Aizul (Snake:3)
  3 very ugly things
  10 ironbound preservers
  A juggernaut skeleton (Depths:1)
  8 quicksilver oozes
  4 spriggan defenders
  9 stone giants
  5 ironbound thunderhulks
  3 eleionomae
  3 dire elephants
  A vampire knight (Depths:2)
  2 bunyips
  A lorocyproca (Depths:2)
  6 spark wasps
  Azrael (Lair:3)
  A crystal guardian (Vaults:1)
  An acid blob zombie (Slime:5)
  A deep elf death mage (Vaults:2)
  2 ettins (Depths:1)
  3 fire dragons
  2 shambling mangroves
  Fannar (D:10)
  7 great orbs of eyes
  8 yaktaur captains
  2 salamander tyrants
  3 vault guards
  3 ice dragons
  3 rakshasas
  3 ogre magi (Orc:2)
  2 ghost crabs (Swamp:2)
  A peacekeeper (Vaults:1)
  13 hydras
  2 catoblepae
  2 ironbound frosthearts
  10 two-headed ogres
  A death knight (Vaults:2)
  3 spriggan air magi
  4 boulder beetles
  9 naga warriors
  2 alligators
  15 anacondas
  5 tengu warriors
  A vampire mage (Depths:3)
  2 azure jelly zombies (Slime:5)
  2 centaur warriors
  6 deep troll shamans
  A quicksilver ooze zombie (Slime:5)
  8 naga sharpshooters
  6 deep troll earth magi
  A hell knight (Depths:3)
  3 shock serpents (Snake:4)
  A sun demon (Depths:2)
  A spriggan berserker (Depths:4)
  4 iron trolls
  2 goliath frogs
  A shadow wraith (Vaults:3)
  A sixfirhy (Depths:2)
  2 swamp dragons
  13 sea snakes
  7 salamander mystics
  A spriggan rider (Swamp:2)
  32 deep trolls
  2 spriggan druids (Swamp:4)
  4 naga ritualists
  4 bog bodies
  2 glowing orange brains
  4 orc knights
  17 ironbound convokers
  4 wizards
  8 lindwurms
  3 necromancers
  11 mana vipers
  A deep elf pyromancer (D:13)
  A shining eye (Slime:1)
  A tengu skeleton (Vaults:2)
  An orc sorcerer (D:15)
  2 will-o-the-wisps
  17 salamanders
  2 manticores
  26 ugly things
  5 cyclopes
  A moth of wrath (shapeshifter) (Vaults:2)
  A human skeleton (Vaults:2)
  8 naga magi
  3 eyes of devastation
  6 vault sentinels
  Maurice (D:11)
  A black mamba (shapeshifter) (D:15)
  29 black mambas
  10 guardian serpents (Snake:4)
  A smoke demon (Depths:2)
  5 cane toads
  2 molten gargoyles (Lair:5)
  2 orange demons (Depths:2)
  4 gargoyles
  2 rime drakes
  22 yaktaurs
  2 tengu conjurers
  2 komodo dragons (shapeshifter)
  6 komodo dragons
  A polar bear (shapeshifter) (D:14)
  5 trolls
  3 meliai (D:15)
  10 hornets
  A tyrant leech (Swamp:1)
  7 blink frogs
  11 spriggans
  45 slime creatures
  4 slime creature zombies (Slime:5)
  A basilisk (Lair:2)
  3 wraiths
  2 wyverns
  A ynoxinul (Depths:2)
  A shadow (D:12)
  29 yaks
  A steam dragon (Lair:5)
  2 chaos spawn (Depths:2)
  4 water elementals (Depths:2)
  5 fire elementals (Snake:1)
  A redback (Vaults:1)
  5 vampire mosquitoes
  A neqoxec (Depths:2)
  A glowing shapeshifter zombie (Vaults:2)
  3 wargs
  2 acid dragons
  7 swamp worms
  35 nagas
  6 water moccasins
  4 hell hounds
  10 orc warriors
  2 sky beasts
  A spectral shining eye (Slime:5)
  3 black bears (D:8)
  5 swamp drakes
  An ice beast (D:5)
  12 ogres
  2 phantoms
  4 boggarts
  2 centaurs
  2 kobold brigands (D:7)
  12 bullfrogs
  A gnoll sergeant (D:8)
  2 scorpions (D:5)
  4 wights
  16 killer bees
  3 vampire bats (D:14)
  6 electric eels
  5 howler monkeys
  A lava snake (Lair:5)
  5 hounds
  12 orc priests
  3 jellies
  4 iguanas
  13 orc wizards
  A mummy (D:7)
  8 gnolls
  4 adders
  A shadow imp (D:7)
  5 white imps
  2 ufetubi
  10 dart slugs
  38 orcs
  2 bat skeletons (D:14)
  3 bat zombies (D:14)
  10 endoplasms
  4 giant cockroaches
  5 goblins
  A hobgoblin (shapeshifter) (Depths:2)
  6 hobgoblins
  3 jackals (D:3)
  5 quokkas
  4 ball pythons
  6 bats
  2 frilled lizards (D:2)
  10 kobolds
  5 rats
1014 creatures vanquished.

Vanquished Creatures (collateral kills)
  A tentacled monstrosity (Depths:3)
  8 acid blobs
  Agnes (Snake:1)
  A tengu reaver (Depths:4)
  5 azure jellies
  6 rockslimes
  4 vault wardens
  A fire giant (Depths:4)
  A frost giant (Depths:2)
  4 ironbound preservers
  An orc warlord (Vaults:3)
  6 spriggan defenders
  7 stone giants
  An ironbound thunderhulk (Vaults:3)
  3 very ugly things
  An eleionoma (Swamp:4)
  2 dire elephants (Vaults:3)
  5 bunyips
  6 spark wasps
  An ettin (Vaults:3)
  A shambling mangrove (Swamp:4)
  2 merfolk javelineers (Depths:2)
  A crystal guardian (Vaults:1)
  2 fire dragons
  A yaktaur captain (Vaults:4)
  An ice dragon (Depths:3)
  An entropy weaver (Vaults:1)
  3 great orbs of eyes
  7 vault guards (Vaults:3)
  10 hydras
  3 ironbound frosthearts
  4 spriggan air magi
  The ghost of MrClown the Thaumaturge, a journeyman DsNe of Kikubaaqudgha (D:10)
  An ogre mage (Orc:2)
  4 anacondas
  A centaur warrior (D:15)
  2 tengu warriors
  9 two-headed ogres
  4 death yaks (Lair:5)
  A boulder beetle (D:15)
  A naga warrior (Snake:1)
  A vampire mage (Vaults:2)
  2 deep troll shamans
  2 deep troll earth magi (Depths:1)
  2 spriggan berserkers
  4 naga sharpshooters (Snake:4)
  A shock serpent (Snake:2)
  A hell knight (Depths:2)
  2 skysharks
  3 iron trolls
  A salamander mystic (Snake:4)
  A shadow wraith (Vaults:3)
  3 sea snakes
  25 deep trolls
  3 spriggan druids (Depths:3)
  A goliath frog (Swamp:2)
  3 naga ritualists
  A spriggan rider (Depths:3)
  An orc knight (Vaults:3)
  2 wizards
  5 ironbound convokers
  11 swamp dragons
  A glowing orange brain (Depths:1)
  2 mana vipers (Snake:2)
  A necromancer (Depths:1)
  2 shining eyes
  4 lindwurms
  A will-o-the-wisp (Swamp:3)
  An orc sorcerer (Orc:2)
  11 ugly things
  3 cyclopes
  A stone giant skeleton (Depths:1)
  6 salamanders
  A manticore (D:11)
  11 black mambas
  2 eyes of devastation
  2 guardian serpents
  5 vault sentinels
  45 slime creatures
  4 elephants
  A gargoyle (D:8)
  12 cane toads
  3 naga magi
  2 komodo dragons
  6 yaktaurs
  A freezing wraith (Vaults:2)
  2 trolls
  2 polar bears
  11 hornets
  A fire giant simulacrum (Depths:1)
  21 blink frogs
  2 tyrant leeches
  A water elemental (Depths:2)
  5 spriggans
  A culicivora (Vaults:1)
  2 wyverns (Lair:5)
  A shadow (D:11)
  24 yaks
  5 basilisks
  2 steam dragons (Lair:5)
  A vampire mosquito (Swamp:3)
  A warg (Orc:2)
  Edmund (D:6)
  7 swamp worms
  An acid dragon (D:11)
  8 nagas
  2 hell hounds (Lair:5)
  2 water moccasins (Lair:5)
  2 floating eyes
  9 orc warriors
  5 swamp drakes
  3 black bears
  12 ogres
  A human zombie (Vaults:4)
  A wolf (Lair:2)
  6 salamander zombies (Snake:4)
  4 bullfrogs
  A gnoll sergeant (D:11)
  A scorpion (D:8)
  A glowing shapeshifter simulacrum (Vaults:2)
  2 wights (D:8)
  2 killer bees
  4 electric eels
  A howler monkey (D:7)
  3 lava snakes (Lair:5)
  2 orc priests (D:11)
  6 jellies
  A hound (D:4)
  An iguana (Lair:2)
  A sleepcap (D:8)
  8 orc wizards
  5 gnolls
  25 orcs
  A bat skeleton (D:14)
  An endoplasm (Lair:5)
  A hobgoblin (D:3)
  A kobold (D:7)
  A butterfly (Lair:3)
  A spectral weapon (Orc:2)
544 creatures vanquished.

Vanquished Creatures (others)
  A spectral demigod (Depths:1)
  A stone giant (Depths:3)
  A spriggan defender (Depths:4)
  3 rockslime zombies (Depths:2)
  A spectral elf (Vaults:3)
  spectral Mlioglotl (Swamp:4)
  3 acid blob zombies (Depths:2)
  A spectral dire elephant (Vaults:1)
  A spectral quicksilver ooze (Slime:5)
  A very ugly thing zombie (Depths:4)
  A salamander tyrant (Snake:4)
  A fenstrider witch zombie (Swamp:4)
  A deep troll earth mage (Depths:2)
  An azure jelly zombie (Depths:2)
  A quicksilver ooze zombie (Slime:2)
  3 bunyip zombies (Swamp:4)
  6 spark wasp zombies
  7 anaconda zombies
  A deep troll (Depths:1)
  A spriggan druid (Depths:3)
  A spectral two-headed ogre (Orc:2)
  A wizard (D:14)
  12 ugly thing zombies
  A sphinx zombie (Vaults:1)
  A deep elf pyromancer (D:13)
  A goliath frog zombie (Swamp:2)
  A frost giant zombie (Depths:3)
  4 fire giant zombies
  6 stone giant zombies
  2 shock serpent zombies (Snake:4)
  A dire elephant zombie (Vaults:3)
  2 spectral rakshasas
  A black mamba (Snake:4)
  An elf zombie (Vaults:2)
  2 iron troll zombies
  3 sea snake zombies (Snake:1)
  15 yaktaur zombies
  2 spectral humans (Vaults:3)
  2 swamp worm zombies (Swamp:2)
  6 mana viper zombies
  2 spectral glowing orange brains (Depths:1)
  6 hydra zombies
  A hornet (Depths:3)
  An ettin zombie (Depths:1)
  10 guardian serpent zombies
  2 fire dragon zombies
  3 great orb of eyes zombies (Vaults:3)
  A culicivora zombie (Vaults:1)
  2 meliai zombies (D:15)
  2 spectral floating eyes
  An ice dragon zombie (Depths:2)
  15 black mamba zombies
  A spectral kobold (Lair:5)
  A spriggan (Depths:3)
  26 slime creature zombies
  28 deep troll zombies
  43 human zombies
  6 two-headed ogre zombies
  A naga (Snake:1)
  A cane toad zombie (Lair:5)
  A swamp drake (Swamp:1)
  6 hornet zombies
  2 blink frog zombies (Lair:4)
  A spectral eye of devastation (Slime:5)
  5 lindwurm zombies
  A ghost crab zombie (Swamp:2)
  5 swamp dragon zombies
  2 vampire mosquito zombies (Swamp:2)
  7 salamander zombies
  A spectral neqoxec (Depths:2)
  2 komodo dragon zombies
  4 hell hound zombies
  2 wyvern zombies (Lair:5)
  2 cyclops zombies
  2 water moccasin zombies
  5 tengu zombies
  2 troll zombies
  4 yak zombies
  17 spriggan zombies
  2 centaur zombies
  3 bullfrog zombies (D:8)
  2 boggart zombies (D:15)
  A scorpion zombie (D:8)
  6 killer bee zombies
  An acid dragon zombie (D:14)
  18 ogre zombies
  43 naga zombies
  3 spectral electric eels
  2 howler monkey zombies
  2 steam dragon zombies (Lair:5)
  4 swamp drake zombies (Swamp:4)
  An iguana zombie (D:6)
  3 jelly zombies
  A spectral white imp (D:5)
  A quokka (D:9)
  2 dart slug zombies (D:4)
  2 endoplasm zombies (Lair:5)
  3 gnoll zombies (D:11)
  A hobgoblin zombie (Depths:2)
  3 kobold zombies (D:7)
  42 orc zombies
  A spectral ufetubus (D:5)
  4 foxfires (Swamp:1)
  88 fungi
  215 plants
  35 spectral weapons
  10 starspawn tentacles (Swamp:4)
825 creatures vanquished.

Grand Total: 2383 creatures vanquished

Notes
Turn   | Place    | Note
-------+----------+-------------------------------------------
     0 | D:1      | Arcadio the Kobold Gladiator began the quest for the Orb.
     0 | D:1      | Reached XP level 1. HP: 12/12 MP: 1/1
   149 | D:1      | Reached XP level 2. HP: 10/18 MP: 2/2
   300 | D:1      | Reached skill level 4 in Dodging
   638 | D:1      | Reached XP level 3. HP: 22/22 MP: 3/3
  1726 | D:2      | Found an opulent altar of Gozag.
  2106 | D:3      | Reached XP level 4. HP: 28/28 MP: 4/4
  2370 | D:3      | Found a basalt altar of Yredelemnul.
  2436 | D:3      | Became a worshipper of Yredelemnul the Dark
  2483 | D:3      | Found a radiant altar of Vehumet.
  2712 | D:3      | Found a blossoming altar of Fedhas.
  2712 | D:3      | Found a shimmering altar of Xom.
  2758 | D:4      | Reached XP level 5. HP: 31/32 MP: 5/5
  2775 | D:4      | Noticed a phantom
  2907 | D:4      | Reached skill level 5 in Dodging
  2912 | D:4      | Reached * piety under Yredelemnul
  2963 | D:4      | Reached XP level 6. HP: 30/38 MP: 6/6
  3910 | D:5      | Entered Level 5 of the Dungeon
  4175 | D:5      | Reached XP level 7. HP: 13/44 MP: 7/7
  4513 | D:5      | Reached skill level 6 in Dodging
  4525 | D:5      | Reached skill level 5 in Fighting
  4971 | D:5      | Reached skill level 5 in Maces & Flails
  5051 | D:5      | Reached XP level 8. HP: 38/51 MP: 8/8
  5197 | D:5      | Noticed Sigmund
  5338 | D:6      | Reached skill level 7 in Dodging
  5460 | D:6      | Found a hazy altar of Hepliaklqana.
  5482 | D:6      | Learned a level 2 spell: Ensorcelled Hibernation
  5485 | D:6      | Learned a level 2 spell: Passwall
  5577 | D:6      | Noticed Edmund
  5680 | D:6      | Found an iron altar of Okawaru.
  5771 | D:6      | Found a staircase to the Ecumenical Temple.
  5832 | D:6      | Killed Edmund
  5833 | D:6      | Reached skill level 1 in Invocations
  6508 | D:7      | Found an opulent altar of Gozag.
  6537 | D:7      | Reached ** piety under Yredelemnul
  6545 | D:7      | Reached XP level 9. HP: 45/56 MP: 10/10
  6681 | D:7      | Reached skill level 8 in Dodging
  7024 | D:7      | Reached *** piety under Yredelemnul
  7459 | D:7      | Reached **** piety under Yredelemnul
  7561 | D:7      | Found a snail-covered altar of Cheibriados.
  7604 | D:8      | Noticed a gargoyle
  7781 | D:8      | Reached skill level 9 in Dodging
  7815 | D:8      | Found a staircase to the Lair.
  7829 | D:8      | Reached skill level 5 in Invocations
  7829 | D:8      | Reached XP level 10. HP: 64/64 MP: 13/13
  7874 | D:8      | Noticed a two-headed ogre
  7881 | D:8      | Killed a two-headed ogre
  8016 | D:8      | Reached ***** piety under Yredelemnul
  8053 | D:8      | Killed a gargoyle
  8054 | D:8      | Reached skill level 10 in Dodging
  8778 | Lair:1   | Entered Level 1 of the Lair of Beasts
  8893 | Lair:1   | Reached XP level 11. HP: 45/71 MP: 16/16
  9210 | Lair:1   | Reached skill level 11 in Dodging
  9343 | Lair:1   | Reached ****** piety under Yredelemnul
  9385 | Lair:1   | Reached skill level 10 in Fighting
  9990 | Lair:2   | Noticed a boulder beetle
 10013 | Lair:2   | Killed a boulder beetle
 10210 | Lair:2   | Noticed a four-headed hydra
 10214 | Lair:2   | Killed a four-headed hydra
 10283 | Lair:2   | Noticed a four-headed hydra
 10288 | Lair:2   | Killed a four-headed hydra
 10332 | Lair:2   | Found a staircase to the Swamp.
 10668 | Lair:2   | Reached XP level 12. HP: 78/79 MP: 18/18
 10754 | Lair:2   | Reached skill level 12 in Dodging
 10811 | Lair:2   | Noticed Urug
 10821 | Lair:2   | Killed Urug
 10821 | Lair:2   | Enslaved Urug
 11456 | Lair:3   | Noticed a six-headed hydra
 11479 | Lair:3   | Killed a six-headed hydra
 11726 | Lair:3   | Noticed a skyshark
 11731 | Lair:3   | Killed a skyshark
 11808 | Lair:3   | Found a staircase to the Snake Pit.
 11975 | Lair:3   | Noticed Sonja
 11980 | Lair:3   | Killed Sonja
 11980 | Lair:3   | Enslaved Sonja
 12419 | Lair:4   | Reached skill level 10 in Maces & Flails
 12572 | Lair:4   | Reached skill level 10 in Invocations
 12623 | Lair:4   | Reached skill level 13 in Dodging
 12669 | Lair:4   | Reached XP level 13. HP: 41/85 MP: 20/20
 12748 | Lair:4   | Noticed an eight-headed hydra
 12752 | Lair:4   | Killed an eight-headed hydra
 13708 | Lair:5   | Entered Level 5 of the Lair of Beasts
 14029 | Lair:5   | Found a viscous altar of Jiyva.
 14029 | Lair:5   | Found a staircase to the Slime Pits.
 14035 | Lair:5   | Reached skill level 14 in Dodging
 14090 | Lair:5   | Noticed a four-headed hydra
 14095 | Lair:5   | Killed a four-headed hydra
 14360 | Lair:5   | Noticed a six-headed hydra
 14363 | Lair:5   | Killed a six-headed hydra
 14470 | Lair:5   | Reached XP level 14. HP: 72/94 MP: 19/22
 14526 | Lair:5   | Found a large runed translucent door.
 14794 | Lair:5   | Found a large runed translucent door.
 14908 | Lair:5   | Identified the +4 scale mail "Giumm" {+Blink rC+ Int+3
                  | Dex-2}
 15161 | Lair:5   | Learned a level 2 spell: Blink
 15401 | Lair:5   | Identified the +3 rapier of the Pharaoh's Fist {pain,
                  | rCorr}
 15798 | Lair:5   | Your ally Sonja died
 15805 | Lair:5   | Reached skill level 15 in Dodging
 16103 | D:9      | Found a white marble altar of Elyvilon.
 16886 | D:9      | Found a sparkling altar of Nemelex Xobeh.
 17235 | D:10     | Entered Level 10 of the Dungeon
 17501 | D:10     | Found a runed translucent gate.
 17502 | D:10     | Found a runed translucent gate.
 17503 | D:10     | Found a runed translucent gate.
 17503 | D:10     | Noticed MrClown's ghost (journeyman DsNe)
 17793 | D:10     | Found a glowing silver altar of Zin.
 17793 | D:10     | Noticed an angel
 17870 | D:10     | Noticed Fannar
 17890 | D:10     | Killed Fannar
 18154 | D:10     | Found a bloodstained altar of Trog.
 18592 | D:10     | Killed MrClown's ghost
 18594 | D:10     | Found a viscous altar of Jiyva.
 19197 | D:11     | Found a staircase to the Orcish Mines.
 19204 | D:11     | Noticed Maurice
 19223 | D:11     | Killed Maurice
 19224 | D:11     | Reached XP level 15. HP: 94/100 MP: 24/24
 19599 | D:11     | Found a shimmering blue altar of Sif Muna.
 20088 | Orc:1    | Entered Level 1 of the Orcish Mines
 20527 | Orc:1    | Found Attuadei's Weapon Emporium.
 20622 | Orc:2    | Entered Level 2 of the Orcish Mines
 20641 | Orc:2    | Noticed Rupert
 21249 | Orc:2    | Reached skill level 16 in Dodging
 21439 | Orc:2    | Noticed Saint Roka
 21445 | Orc:2    | Paralysed by an orc sorcerer for 3 turns
 22634 | D:12     | Reached skill level 15 in Fighting
 23615 | D:13     | Identified the +5 whip of Darkness {drain, rN+}
 24542 | D:14     | Noticed an ironbound preserver
 25428 | D:14     | Killed an ironbound preserver
 25474 | D:14     | Reached XP level 16. HP: 108/108 MP: 26/26
 25742 | D:14     | Found an ancient bone altar of Kikubaaqudgha.
 26518 | D:14     | Found a gate to the Vaults.
 26632 | D:14     | Reached skill level 17 in Dodging
 27132 | D:15     | Entered Level 15 of the Dungeon
 28075 | D:15     | Found a staircase to the Depths.
 28836 | Orc:2    | Found a staircase to the Elven Halls.
 29669 | Orc:2    | Found Jogu's Antique Armour Boutique.
 29669 | Orc:2    | Found Woxicysoa's Antique Weapon Emporium.
 29670 | Orc:2    | Found Arriaz's Antique Weapon Emporium.
 29670 | Orc:2    | Found Dyaqun's General Store.
 29677 | Orc:2    | Bought a scroll of silence for 133 gold pieces
 29677 | Orc:2    | Bought a scroll of butterflies for 56 gold pieces
 29678 | Orc:2    | Bought a pair of runed gloves for 247 gold pieces
 29678 | Orc:2    | Bought a glimmering ring mail for 297 gold pieces
 29678 | Orc:2    | Identified the +2 ring mail of the Hanged Man {Harm Drain
                  | rF+} (You bought it in a shop on level 2 of the Orcish
                  | Mines)
 29678 | Orc:2    | Bought a pair of glowing boots for 247 gold pieces
 29985 | Swamp:1  | Entered Level 1 of the Swamp
 30095 | Swamp:1  | You fall into a shaft and drop 1 floor!
 30728 | Swamp:2  | Reached skill level 1 in Evocations
 30728 | Swamp:2  | Paralysed by a hornet for 3 turns
 32162 | Swamp:3  | Noticed a thorn hunter
 32168 | Swamp:3  | Killed a thorn hunter
 32514 | Swamp:3  | Noticed Jorgrun
 32519 | Swamp:3  | Reached XP level 17. HP: 93/115 MP: 25/28
 32528 | Swamp:3  | Killed Jorgrun
 32755 | Swamp:3  | Noticed Mlioglotl
 32763 | Swamp:3  | Killed Mlioglotl
 32763 | Swamp:3  | Enslaved Mlioglotl
 33102 | Swamp:4  | Entered Level 4 of the Swamp
 33141 | Swamp:4  | Reached skill level 18 in Dodging
 33395 | Swamp:4  | Your ally Mlioglotl died
 33397 | Swamp:4  | Reached skill level 5 in Evocations
 33854 | Swamp:4  | Got a decaying rune of Zot
 34612 | Swamp:4  | Upgraded the game from 0.30-a0-1112-gfb780f5df6 to
                  | 0.30-a0-1116-gebefce21f7
 34614 | Swamp:4  | Learned a level 1 spell: Slow
 34617 | Swamp:4  | Learned a level 2 spell: Lesser Beckoning
 35857 | D:15     | Reached skill level 1 in Translocations
 36328 | Vaults:1 | Entered Level 1 of the Vaults
 36873 | Vaults:1 | Reached XP level 18. HP: 83/118 MP: 29/29
 36910 | Vaults:1 | Reached skill level 19 in Dodging
 37557 | Vaults:1 | Reached skill level 15 in Maces & Flails
 39362 | Vaults:1 | Learned a level 1 spell: Apportation
 39376 | Vaults:2 | Noticed a lich
 39383 | Vaults:1 | Killed a lich
 40001 | Vaults:2 | Identified the +8 longbow "Qixouv" {speed, rElec}
 40366 | Vaults:2 | Reached skill level 5 in Translocations
 41022 | Vaults:2 | Found a staircase to the Crypt.
 42237 | Vaults:3 | Reached XP level 19. HP: 111/130 MP: 30/30
 42830 | Vaults:3 | Reached skill level 20 in Dodging
 43156 | Vaults:3 | Paralysed by a great orb of eyes for 5 turns
 44138 | Vaults:3 | Identified the +4 lajatang "Eduga" {freeze, SInv}
 44194 | Vaults:3 | HP: 3/132 [storm dragon/bolt of lightning (35)]
 45819 | Snake:1  | Entered Level 1 of the Snake Pit
 45820 | Snake:1  | Noticed Nikola
 45845 | Lair:3   | Killed Nikola
 46058 | Snake:1  | Reached XP level 20. HP: 139/139 MP: 31/31
 46833 | Snake:1  | Noticed Agnes
 46840 | Snake:1  | Killed Agnes
 46946 | Snake:1  | Found a large runed translucent door.
 46946 | Snake:1  | Found a large runed translucent door.
 46947 | Snake:1  | Noticed Emari's ghost (adept TrBe)
 46990 | Snake:1  | Your ally Agnes died
 47287 | Snake:1  | Noticed Azrael
 47573 | Lair:3   | Killed Azrael
 48049 | Snake:1  | Found Lamuar Nyer's Antique Armour Emporium.
 48075 | Snake:1  | Reached skill level 21 in Dodging
 48087 | Snake:1  | Bought a pair of faintly glowing boots for 342 gold pieces
 48087 | Snake:1  | Identified the +0 pair of boots of Tomorrow {Dex+4} (You
                  | bought it in a shop on level 1 of the Snake Pit)
 48087 | Snake:1  | Bought an embroidered scarf for 288 gold pieces
 48087 | Snake:1  | Bought a glowing chain mail for 270 gold pieces
 49250 | Snake:2  | Found Ysiebo's Jewellery Shoppe.
 49255 | Snake:2  | Bought a ring of see invisible for 240 gold pieces
 49301 | Snake:2  | Bought an amulet of guardian spirit for 480 gold pieces
 49483 | Snake:2  | Found Retriohy's Armour Shoppe.
 49946 | Snake:2  | Found Biloibb's Assorted Antiques.
 49984 | Snake:2  | Found Vuyskin's Book Shop.
 50371 | Snake:3  | Noticed Aizul
 50379 | Snake:3  | Killed Aizul
 50498 | Snake:3  | Your ally Aizul died
 50777 | Snake:3  | Reached skill level 10 in Evocations
 51337 | Snake:4  | Entered Level 4 of the Snake Pit
 51562 | Snake:4  | Found a shadowy altar of Dithmenos.
 52298 | Snake:4  | Reached XP level 21. HP: 143/145 MP: 32/32
 52382 | Snake:4  | HP: 5/145 [shock serpent/bolt of electricity (9)]
 54579 | Snake:4  | Reached skill level 22 in Dodging
 54920 | Snake:4  | Got a serpentine rune of Zot
 56457 | Vaults:3 | Got the Omnibus of the Cold Union
 56585 | Vaults:3 | Got the Directory of the Coarse Bane
 56592 | Vaults:3 | Identified the +6 chain mail "Xienayt" {Will+ Regen+}
 57265 | Vaults:4 | Noticed Frederick
 57278 | Vaults:4 | Killed Frederick
 57278 | Vaults:4 | Enslaved Frederick
 57290 | Vaults:4 | Reached skill level 1 in Armour
 57670 | Vaults:4 | Identified the +9 chain mail of Limited Liability {Will+
                  | Int+2}
 57832 | Vaults:4 | Reached XP level 22. HP: 148/153 MP: 33/33
 57845 | Vaults:4 | Learned a level 2 spell: Call Imp
 57854 | Vaults:4 | Learned a level 8 spell: Lehudib's Crystal Spear
 58682 | Vaults:1 | Learned a level 2 spell: Wereblood
 58980 | Orc:2    | Killed Rupert
 59102 | Orc:2    | Killed Saint Roka
 59284 | Orc:2    | Bought an eveningstar for 285 gold pieces
 59552 | Snake:2  | Bought a manual of Dodging for 800 gold pieces
 60117 | Slime:1  | Entered Level 1 of the Pits of Slime
 60561 | Depths:1 | Entered Level 1 of the Depths
 60769 | Depths:1 | Found a gateway to Hell.
 60777 | Depths:1 | Identified the +0 cloak of Complete Protection {rN+ Will-
                  | Regen+ MP+9}
 60968 | Depths:1 | Found a one-way gate to the infinite horrors of the Abyss.
 61223 | Depths:1 | Reached skill level 23 in Dodging
 61603 | Depths:1 | Your ally Frederick died
 62038 | Depths:2 | Found a one-way gateway to a ziggurat.
 62119 | Depths:2 | Found a magical portal.
 62125 | WizLab   | Entered Wucad Mu's Monastery
 62554 | Depths:2 | Noticed Mara
 63115 | Slime:2  | Reached skill level 5 in Armour
 63615 | Slime:1  | Gained mutation: You are dopey. (Int -2) [a shining eye]
 63652 | Slime:1  | You fall into a shaft and drop 1 floor!
 63973 | Slime:3  | Reached skill level 24 in Dodging
 63980 | Slime:3  | Reached XP level 23. HP: 115/160 MP: 32/34
 64529 | Slime:4  | Gained mutation: You occasionally lose the ability to drink
                  | potions when taking damage. [a shining eye]
 65056 | Slime:5  | Entered Level 5 of the Pits of Slime
 65335 | Slime:5  | Noticed the Royal Jelly
 66438 | Depths:2 | Found a runed translucent door.
 66511 | Depths:2 | Gained mutation: You sometimes lose the ability to drink
                  | potions when taking damage. [a neqoxec]
 66532 | Depths:2 | Found a one-way gate leading to the halls of Pandemonium.
 66662 | Depths:2 | Identified the +7 mace of the Piercing Firefly {heavy,
                  | rPois Will+ Dex+3 Stlth-}
 66770 | Depths:2 | Killed Mara
 66770 | Depths:2 | Enslaved Mara
 67301 | Depths:2 | Reached skill level 25 in Dodging
 68152 | Depths:3 | Paralysed by a floating eye for 2 turns
 68160 | Depths:3 | Found Nanwi's Antique Weapon Shoppe.
 68338 | Depths:3 | Reached XP level 24. HP: 80/168 MP: 34/34
 69318 | Depths:4 | Entered Level 4 of the Depths
 69348 | Depths:4 | Reached skill level 26 in Dodging
 69357 | Depths:4 | Noticed the Enchantress
 69376 | Depths:4 | Killed the Enchantress
 69398 | Depths:4 | Your ally Enchantress spriggan zombie died
 69401 | Depths:4 | Noticed Sojobo
 69412 | Depths:4 | Paralysed by an air elemental for 1 turns
 69415 | Depths:4 | Paralysed by an air elemental for 1 turns
 69420 | Depths:4 | Paralysed by an air elemental for 1 turns
 69420 | Depths:4 | HP: 5/150 [air elemental/stunning burst[Sojobo] (8)]
 69422 | Depths:4 | Your ally Mara died
 69424 | Depths:4 | Paralysed by an air elemental for 1 turns
 69424 | Depths:4 | HP: 1/150 [air elemental/stunning burst[Sojobo] (9)]
 69426 | Depths:4 | Paralysed by an air elemental for 1 turns
 69426 | Depths:4 | Killed from afar by an air elemental

Illustrated notes

Levels and vault maps discovered:
D:1:      dpeg_arrival_rooms_b, layout_basic
D:2:      layout_basic, basic_altar
D:3:      layout_rooms, amcnicky_altar_gilded, minitemple
D:4:      kennysheep_slugbush, layout_basic
D:5:      layout_basic, uniq_sigmund
D:6:      layout_cave_pools, nzn_hepliaklqana_mist_gate,
          kennysheep_okawaru_gauntlet, minmay_temple_entry_statues,
          minivault_27, uniq_edmund
D:7:      layout_layer_cave, slow_altar_2,
          nicolae_gozag_cash_rules_everything_around_me
D:8:      layout_cave_pods, due_lair_maze_entry_diamond,
          chequers_serial_rivers_room_b
D:9:      layout_roguey, elyvilon_altar_4, nemelex_diamond_rough_becter,
          minivault_11
D:10:     layout_basic, trog_three_pillars_becter, zin_angel,
          gammafunk_ghost_ooze, uniq_fannar
D:11:     layout_basic, david_orc_4, st_stairs_10, kennysheep_orc_sif_temple,
          uniq_maurice
D:12:     layout_roguey
D:13:     layout_loops_ring
D:14:     layout_small_grid, skrybe_vaults_entry_preservation,
          roderic_lattice_a, grunt_decor_junction, kennysheep_vampire_church
D:15:     grunt_enter_depths_snipers, layout_small_grid,
          roderic_lattice_octagonal_star
Lair:1:   layout_roguey, serial_bayou_lagoon_a, infiniplex_staircase_pool_2,
          serial_bayou_shore_b, grunt_megastairs_1
Lair:2:   layout_hall_layers, palyth_hydra_swamp_entry, grunt_megastairs_5,
          wad_woods_river_01, uniq_urug
Lair:3:   layout_concentric_octagons, dummy_snake_entry,
          nicolae_quartered_pool_medium, nicolae_lair_grove_arrangements,
          lemuel_fruit_fields, lemuel_fruit_tree, uniq_sonja
Lair:4:   layout_long_grid
Lair:5:   cheibrodos_lair_end_hotspot, layout_regular_city,
          nicolae_slime_entry_slimehenge
Swamp:1:  layout_basic_swamp, evilmike_swamp_ruin_house_3, swamp_pool3,
          nicolae_swamp_drake_lake
Swamp:2:  layout_falls_marsh, evilmike_swamp_ruin_rubble_2
Swamp:3:  layout_basic_swamp, hangedman_swamp_diagram, uniq_mlioglotl,
          uniq_jorgrun
Swamp:4:  swamp_alternative, layout_basic_swamp
Snake:1:  layout_basic, ebering_ghost_disaster_area, nicolae_wooded_promenade,
          uniq_azrael, uniq_nikola, uniq_agnes
Snake:2:  layout_rooms, serial_shops, nicolae_shop_waterfront, shop, shop,
          shop_statue, serial_bayou, serial_bayou_lake_a, serial_bayou_crossing,
          serial_bayou_pond_a, serial_bayou_pond_e
Snake:3:  layout_rooms, grunt_ministairs_7, uniq_aizul
Snake:4:  snake_pit_salamanders_mu, layout_rooms, basic_altar,
          nicolae_snake_scaly_snakehead
Slime:1:  cheibrodos_slime_lost_civilization_2, layout_caves
Slime:2:  layout_caves
Slime:3:  cheibrodos_slime_lost_civilization_9, layout_caves
Slime:4:  layout_caves
Slime:5
Orc:1:    layout_caves, serial_shops, nicolae_shop_back_alley_shop
Orc:2:    st_orc_ogre_mass, layout_caves, uniq_rupert, uniq_saint_roka
Vaults:1: v_misc_24, hangedman_vaults_stretched_pinwheel,
          nicolae_vaults_windows_and_doors_thing, vaults_mumra_hexcomb,
          nicolae_vaults_little_squares_3, v_alt_pattern_6,
          hangedman_vaults_slice, grunt_vaults_hallway_short,
          layout_vaults_quadrants
Vaults:2: ontoclasm_vaults_gateway, minmay_crypt_entry_simple_corners,
          hangedman_vaults_maws, grunt_vaults_swirl, v_rooms_5,
          vaults_room_octagon, ontoclasm_vaults_ring_square, v_misc_14,
          nicolae_vaults_murderbox, vaults_dpeg_hooks, v_misc_26,
          ontoclasm_vaults_ligature, vaults_room_pool, v_alt_pattern_2,
          vaults_dpeg_diagonal, layout_vaults_ring
Vaults:3: grunt_vaults_focal, v_misc_33, nicolae_vaults_network_star, v_misc_3,
          v_misc_25, st_greater_box_4, vaults_room_stairs_pillars,
          hangedman_vaults_locks, nicolae_vaults_little_squares_6,
          nicolae_vaults_border_crossing, vaults_standard_mumra_x,
          nicolae_vaults_circle_grid_b, vaults_dpeg_emergency_exit,
          layout_vaults_omnibox
Vaults:4: vaults_mumra_chevron, ontoclasm_vaults_bender, vaults_mumra_lcd,
          grunt_vaults_hallway_long, vaults_mumra_minichess_inversion,
          grunt_vaults_funnel, hangedman_vaults_hat, ontoclasm_vaults_shuriken,
          nicolae_vaults_little_squares_6, grunt_vaults_hallway_short,
          layout_vaults_chaotic_city, uniq_frederick
Depths:1: layout_honeycomb, serial_glass, glass_columns_a, glass_columns_b,
          glass_columns_c, glass_columns_a, glass_columns_b, glass_columns_c,
          glass_columns_b, glass_columns_b, moated_statue,
          abyss_entry_small_statue_room, hell_entry,
          nicolae_kite_square_tiling_tiny, roderic_roman_lattice,
          kennysheep_windowed_goal
Depths:2: minmay_tri_box, layout_cave_pools, enter_ziggurat_b,
          mu_enter_wizlab_5, grunt_pan_entry_in_and_out, hell_entry,
          kennysheep_cross_room, minmay_acid_items, infiniplex_staircase_spiral,
          uniq_mara
Depths:3: kb_forest_paths, layout_gridlike, serial_shops,
          nicolae_shop_hallway_plus, hangedman_abyss_entry_splay, hell_entry
Depths:4: grunt_zot_entry_pinwheel, layout_basic, grunt_hell_entry_dis_mu,
          minmay_room_of_horrors, serial_bayou_pond_a, dk_noncrumbling_3,
          uniq_enchantress, uniq_sojobo

Skill      XL: |  1  2  3  4  5  6  7  8  9 10 11 12 13 14 15 16 17 18 19 20 21 22 23 24 |
---------------+-------------------------------------------------------------------------+-----
Dodging        | 4 5 6 7 9 10 11 13 14 15 16 17 18 19 20 21 22 24 25 26 | 26.1
Maces & Flails | 3 4 5 7 8 9 10 11 12 13 14 15 16 17 18 19 | 19.5
Fighting       | 3 4 5 6 7 9 10 11 13 14 15 16 17 18 19 20 21 22 | 22.5
Invocations    | 2 5 6 8 10 11 13 14 | 14.9
Evocations     | 3 7 8 10 12 | 12.1
Translocations | 2 5 8 |  8.4
Armour         | 2 5 7 8 |  8.1
Throwing       | |  2.1
Hexes          | |  0.4

Action                     |  1- 3 |  4- 6 |  7- 9 | 10-12 | 13-15 | 16-18 | 19-21 | 22-24 || total
---------------------------+-------+-------+-------+-------+-------+-------+-------+-------++-------
  Melee: Flail             |    69 |       |   133 |   267 |   968 |       |       |       ||  1437
         Whip              |    23 |   149 |    45 |       |       |       |       |       ||   217
         Mace              |       |    10 |   108 |       |       |       |       |       ||   118
         Punch             |       |       |     2 |     5 |    26 |    19 |    29 |    22 ||   103
         Morningstar       |       |       |       |       |    34 |   801 |  1263 |   403 ||  2501
         Eveningstar       |       |       |       |       |       |       |       |   336 ||   336
  Throw: Boomerang         |       |       |     1 |       |       |       |       |       ||     1
         Throwing net      |       |       |       |       |     1 |       |       |       ||     1
   Cast: Blink             |       |       |       |       |       |       |       |     8 ||     8
 Invoke: Recall Undead Har |       |     3 |       |     5 |    20 |    31 |    33 |    28 ||   120
         Bind Soul         |       |       |       |     2 |     4 |     4 |     4 |     4 ||    18
         Drain Life        |       |       |       |       |       |       |     1 |     1 ||     2
Ability: Evoke Blink       |       |       |       |       |       |     2 |       |       ||     2
  Evoke: Wand              |       |       |       |       |     1 |     4 |     1 |     4 ||    10
         Phantom mirror    |       |       |       |       |       |     2 |     1 |     3 ||     6
         Phial of floods   |       |       |       |       |       |       |     1 |     1 ||     2
         Lightning rod     |       |       |       |       |       |       |       |     2 ||     2
    Use: Scroll            |       |     8 |     2 |     3 |    15 |    29 |    15 |    14 ||    86
         Potion            |       |       |       |       |    10 |    18 |    12 |     6 ||    46
   Stab: Sleeping          |    14 |     2 |     2 |     1 |     1 |       |       |       ||    20
         Distracted        |       |       |     2 |     4 |    13 |    29 |    28 |    22 ||    98
         Paralysed         |       |       |       |       |       |       |     2 |       ||     2
 Armour: Leather armour    |    20 |    41 |       |       |       |       |       |       ||    61
         Ring mail         |       |     7 |   171 |    66 |    38 |       |       |       ||   282
         Scale mail        |       |       |       |       |   232 |   240 |   111 |       ||   583
         Chain mail        |       |       |       |       |       |       |   162 |   349 ||   511
  Dodge: Dodged            |    63 |   117 |   343 |   280 |  1087 |   808 |  1147 |   811 ||  4656

Table legend: (Time is in decaauts)
 A = Elapsed time spent in this place.
 B = Non-inter-level travel time spent in this place.
 C = Inter-level travel time spent in this place.
 D = Time resting spent in this place.
 E = Time spent auto-exploring this place.
 F = Levels seen in this place.
 G = Mean time per level.
                   A        B        C        D        E       F      G
               +--------+--------+--------+--------+--------+-----+--------+
         Total |  69080 |  63958 |   5122 |  19759 |  30056 |  44 | 1570.0 |
       Dungeon |  22127 |  19758 |   2369 |   4270 |  10816 |  15 | 1475.1 |
          Lair |   9453 |   7884 |   1569 |   2065 |   4695 |   5 | 1890.6 |
         Swamp |   5173 |   5134 |     39 |   2149 |   1979 |   4 | 1293.2 |
     Snake Pit |   8212 |   7881 |    331 |   3530 |   2528 |   4 | 2053.0 |
    Slime Pits |   3084 |   3011 |     73 |    518 |   1699 |   5 |  616.8 |
  Orcish Mines |   3426 |   3369 |     57 |   1363 |    702 |   2 | 1713.0 |
        Vaults |  12504 |  11979 |    525 |   5174 |   4718 |   4 | 3126.0 |
        Depths |   5048 |   4893 |    155 |    664 |   2917 |   4 | 1262.0 |
        Wizlab |     49 |     49 |      0 |     23 |      0 |   1 |   49.0 |
               +--------+--------+--------+--------+--------+-----+--------+

Top non-repeatable levels by time:
Vaults:2: 4010 daAuts
 Snake:4: 3574 daAuts
Vaults:3: 3400 daAuts
Vaults:1: 3228 daAuts
    D:14: 3126 daAuts
    D:11: 2302 daAuts
  Lair:5: 2259 daAuts
 Snake:1: 2155 daAuts
  Lair:3: 2072 daAuts
  Lair:2: 2052 daAuts
   Orc:2: 1995 daAuts
    D:13: 1890 daAuts
Vaults:4: 1865 daAuts
Depths:3: 1824 daAuts
    D:15: 1744 daAuts
